 Dungeon Crawl Stone Soup version 0.24.0-123-gd5b16e6ec5 (webtiles) character file.

Game seed: 3524393215411477931, levelgen mode: deterministic

249084 magipi the Hand of Fortune (level 20, -5/195 HPs)
             Began as a Hill Orc Fighter on Jan 25, 2020.
             Was the Champion of Nemelex Xobeh.
             Killed from afar by a deep elf death mage (19 damage)
             ... with a bolt of negative energy
             ... led by an ironheart preserver
             ... on level 1 of the Vaults on Jan 26, 2020.
             The game lasted 02:57:07 (49208 turns).

magipi the Hand of Fortune (Hill Orc Fighter)      Turns: 49208, Time: 02:57:07

Health: -5/195     AC: 32    Str: 24    XL:     20   Next: 3%
Magic:  30/30      EV: 13    Int:  8    God:    Nemelex Xobeh [******]
Gold:   575        SH: 23    Dex: 17    Spells: 19/19 levels left

rFire    + + .     SeeInvis +   a - +1 war axe (elec)
rCold    + . .     Gourm    .   A - +1 shield {rC+}
rNeg     + . .     Faith    .   F - +4 plate armour "Dafiugy" {rF+}
rPois    +         Spirit   .   c - +2 hat {MR+}
rElec    .         Reflect  +   m - +2 cloak {MR+}
rCorr    .         Harm     .   e - +0 pair of fencer's gloves {Riposte Dex+3}
MR       +++..                  I - +2 pair of boots {Stlth+}
Stlth    ..........             r - brooch of Shielding {Reflect SH+8}
HPRegen  0.42/turn              f - ring "Naovan" {rPois rF+ rN+}
MPRegen  0.22/turn              i - ring of see invisible

@: studying Poison Magic, drained
A: slimy green scales 1, low mp 1, robust 1
}: 1/15 runes: decaying
a: Draw Escape, Draw Destruction, Draw Summoning, Triple Draw, Deal Four, Stack
Five, Renounce Religion


You were on level 1 of the Vaults.
You worshipped Nemelex Xobeh.
Nemelex Xobeh was exalted by your worship.
You were not hungry.

You visited 8 branches of the dungeon, and saw 36 of its levels.
You also visited: Gauntlet.

You collected 3776 gold pieces.
You spent 3201 gold pieces at shops.

Inventory:

Hand Weapons
 a - a +1 war axe of electrocution (weapon)
   (You subdued it on level 1 of the Elven Halls)
 b - a +2 war axe of flaming
   (You took it off a naga warrior on level 3 of the Snake Pit)
 P - a +0 broad axe
   (You took it off an orc knight on level 1 of the Vaults)
Missiles
 k - 15 poisoned darts
 n - 6 javelins
 Y - 13 silver javelins (quivered)
Armour
 c - a +2 hat of magic resistance (worn)
   (You bought it in a shop on level 2 of the Orcish Mines)
 e - the +0 pair of fencer's gloves (worn) {Riposte Dex+3}
   (You bought it in a shop on level 8 of the Dungeon)

   It affects your dexterity (+3).
 m - a +2 cloak of magic resistance (worn)
   (You bought it in a shop on level 2 of the Orcish Mines)
 A - a +1 shield of cold resistance (worn)
   (You bought it in a shop on level 2 of the Orcish Mines)
 F - the +4 plate armour "Dafiugy" (worn) {rF+}
   (You found it on level 3 of the Elven Halls)

   It protects you from fire.
 I - a +2 pair of boots of stealth (worn)
   (You bought it in a shop on level 12 of the Dungeon)
Jewellery
 f - the ring "Naovan" (left hand) {rPois rF+ rN+}
   (You bought it in a shop on level 1 of the Elven Halls)

   [ring of poison resistance]

   It protects you from fire.
   It protects you from poison.
   It protects you from negative energy.
 i - a ring of see invisible (right hand)
   (You found it on level 2 of the Swamp)
 o - an uncursed ring of resist corrosion
   (You found it on level 8 of the Dungeon)
 r - the brooch of Shielding (around neck) {Reflect SH+8}
   (You found it on level 1 of the Elven Halls)

   [amulet of reflection]

   It shields you and reflects attacks.
   It affects your SH (+8).
Wands
 d - a wand of digging (17)
   (You found it on level 5 of the Lair of Beasts)
 t - a wand of paralysis (10)
   (You found it on level 5 of the Dungeon)
 z - a wand of polymorph (4)
   (You found it on level 14 of the Dungeon)
 L - a wand of iceblast (10)
   (You bought it in a shop on level 2 of the Orcish Mines)
 M - a wand of enslavement (17)
   (You found it on level 9 of the Dungeon)
 O - a wand of flame (4)
   (You took it off Maurice on level 10 of the Dungeon)
 U - a wand of acid (5)
   (You found it on level 4 of the Lair of Beasts)
Scrolls
 j - 10 scrolls of identify
 q - 5 scrolls of fog
 s - 9 scrolls of immolation
 u - 11 scrolls of remove curse
 v - a scroll of summoning
 y - 10 scrolls of teleportation
 B - 3 scrolls of blinking
 J - 8 scrolls of magic mapping
Potions
 h - 2 potions of flight
 l - a potion of berserk rage
 p - 2 potions of resistance
 w - a potion of invisibility
 C - 2 potions of agility
 D - 3 potions of haste
 E - 2 potions of mutation
 K - a potion of magic
 N - 3 potions of ambrosia
 R - 13 potions of curing
 T - 2 potions of cancellation
 X - 5 potions of might
Books
 Q - a manual of Poison Magic
   (You found it on level 3 of the Elven Halls)
Miscellaneous
 G - a sack of spiders
 H - 2 boxes of beasts
 S - 2 phantom mirrors
 W - a lamp of fire
   (You found it on level 6 of the Lair of Beasts)
Comestibles
 x - 31 rations
 V - 9 chunks of flesh


   Skills:
 - Level 15.0(14.2) Fighting
 - Level 14.0(13.2) Axes
 + Level 11.5(10.8) Throwing
 + Level 12.7(12.0) Armour
 + Level 10.6(9.9) Dodging
 - Level 15.0(14.2) Shields
 - Level 20.0(19.1) Invocations
 - Level 12.0(11.2) Evocations


You had 19 spell levels left.
You didn't know any spells.
Your spell library contained the following spells:

 Spells                   Type           Power        Failure   Level  Hunger
 Animate Skeleton         Necr           N/A          99%         1    ##.....
 Apportation              Tloc           #.....       99%         1    ##.....
 Confusing Touch          Hex            #.....       99%         1    ##.....
 Flame Tongue             Conj/Fire      #....        99%         1    ##.....
 Infusion                 Chrm           #...         99%         1    ##.....
 Sandblast                Erth           #.....       99%         1    ##.....
 Shock                    Conj/Air       #...         99%         1    ##.....
 Sting                    Conj/Pois      #...         99%         1    ##.....
 Summon Butterflies       Summ           #.......     99%         1    ##.....
 Summon Small Mammal      Summ           #...         99%         1    ##.....
 Blink                    Tloc           N/A          100%        2    ###....
 Call Imp                 Summ           #.......     100%        2    ###....
 Ensorcelled Hibernation  Hex/Ice        #.....       100%        2    ###....
 Passwall                 Tmut/Erth      #.......     100%        2    ###....
 Poisonous Vapours        Pois/Air       #.....       100%        2    ###....
 Shroud of Golubria       Chrm/Tloc      #.....       100%        2    ###....
 Song of Slaying          Chrm           #.......     100%        2    ###....
 Swiftness                Chrm/Air       #.......     100%        2    ###....
 Throw Flame              Conj/Fire      #.....       100%        2    ###....
 Throw Frost              Conj/Ice       #.....       100%        2    ###....
 Call Canine Familiar     Summ           #.......     100%        3    ####...
 Confuse                  Hex            #.......     100%        3    ####...
 Conjure Flame            Conj/Fire      #.......     100%        3    ####...
 Gell's Gravitas          Tloc           #.........   100%        3    ####...
 Inner Flame              Hex/Fire       #.......     100%        3    ####...
 Lesser Beckoning         Tloc           #.........   100%        3    ####...
 Mephitic Cloud           Conj/Pois/Air  #.......     100%        3    ####...
 Ozocubu's Armour         Chrm/Ice       #.......     100%        3    ####...
 Portal Projectile        Hex/Tloc       #.....       100%        3    ####...
 Recall                   Summ/Tloc      N/A          100%        3    ####...
 Regeneration             Chrm/Necr      #.........   100%        3    ####...
 Spectral Weapon          Hex/Chrm       #.......     100%        3    ####...
 Static Discharge         Conj/Air       #.......     100%        3    ####...
 Stone Arrow              Conj/Erth      #.....       100%        3    ####...
 Summon Guardian Golem    Hex/Summ       #.......     100%        3    ####...
 Teleport Other           Tloc           #.......     100%        3    ####...
 Tukima's Dance           Hex            #.......     100%        3    ####...
 Airstrike                Air            #.........   100%        4    #####..
 Animate Dead             Necr           N/A          100%        4    #####..
 Force Lance              Conj/Tloc      #.......     100%        4    #####..
 Ice Form                 Ice/Tmut       #.......     100%        4    #####..
 Leda's Liquefaction      Hex/Erth       #.........   100%        4    #####..
 Olgreb's Toxic Radiance  Pois           #.......     100%        4    #####..
 Passage of Golubria      Tloc           N/A          100%        4    #####..
 Petrify                  Tmut/Erth      #.......     100%        4    #####..
 Sticky Flame             Conj/Fire      #.......     100%        4    #####..
 Summon Ice Beast         Ice/Summ       #.......     100%        4    #####..
 Summon Lightning Spire   Summ/Air       #.......     100%        4    #####..
 Throw Icicle             Conj/Ice       #.......     100%        4    #####..
 Alistair's Intoxication  Tmut/Pois      #.......     100%        5    ######.
 Bolt of Magma            Conj/Fire/Erth #.........   100%        5    ######.
 Borgnjor's Vile Clutch   Necr/Erth      #.........   100%        5    ######.
 Dispel Undead            Necr           #.......     100%        5    ######.
 Excruciating Wounds      Chrm/Necr      #.........   100%        5    ######.
 Fireball                 Conj/Fire      #.........   100%        5    ######.
 Iskenderun's Battlesphe  Conj/Chrm      #.......     100%        5    ######.
 Lee's Rapid Deconstruct  Erth           #.........   100%        5    ######.
 Lightning Bolt           Conj/Air       #.........   100%        5    ######.
 Metabolic Englaciation   Hex/Ice        #.........   100%        5    ######.
 Venom Bolt               Conj/Pois      #.........   100%        5    ######.
 Yara's Violent Unravell  Hex/Tmut       #.........   100%        5    ######.
 Bolt of Cold             Conj/Ice       #.........   100%        6    #######
 Death Channel            Necr           #.........   100%        6    #######
 Dispersal                Tloc           #.........   100%        6    #######
 Freezing Cloud           Conj/Ice/Air   #.........   100%        6    #######
 Invisibility             Hex            #.......     100%        6    #######
 Iron Shot                Conj/Erth      #.........   100%        6    #######
 Ozocubu's Refrigeration  Ice            #.........   100%        6    #######
 Simulacrum               Ice/Necr       #.........   100%        6    #######
 Statue Form              Tmut/Erth      #........    100%        6    #######
 Controlled Blink         Tloc           N/A          100%        8    #######
 Disjunction              Tloc           #.........   100%        8    #######
 Ignition                 Fire           #.........   100%        8    #######
 Shatter                  Erth           #.........   100%        9    #######
 Tornado                  Air            #.........   100%        9    #######


Dungeon Overview and Level Annotations

Branches:
Dungeon (15/15)            Temple (1/1) D:4            Lair (6/6) D:9
  Swamp (4/4) Lair:2        Snake (4/4) Lair:3        Slime (0/5) Lair:5
    Orc (2/2) D:9             Elf (3/3) Orc:2        Vaults (1/5) D:14
 Depths (0/5) D:15        Gauntlet (visited)

Altars:
Ashenzari
Cheibriados
Dithmenos
Elyvilon
Fedhas
Gozag
Hepliaklqana
Kikubaaqudgha
Makhleb
Nemelex Xobeh
Okawaru
Qazlal
Ru
Trog
Uskayaw
Vehumet
Wu Jian
Xom
Yredelemnul
Zin
The Shining One

Shops:
D:8 [   D:11 *   D:12 [   Orc:1 (   Orc:2 *?[}   Elf:1 =   Snake:2 !*[?
Snake:3 *

Annotations:
Swamp:3 3 runed translucent doors, suomimenusko's ghost, adept NaFi
Snake:4 Mara
Elf:2 3 runed translucent doors


Innate Abilities, Weirdness & Mutations

You are partially covered in slimy green scales. (AC +2)
Your magical capacity is low. (-10% MP)
You are robust. (+10% HP)


Message History

The deep elf death mage convulses!
The deep elf archer convulses!
The deep elf demonologist convulses!
The ironheart preserver convulses!
The redback convulses!
The deep elf mage convulses!
Your body is wracked with pain!
* * * LOW HITPOINT WARNING * * *
The deep elf sorcerer convulses!
Unknown command.
Evoke which item? (* to show all) (? for menu, Esc to quit)
Aiming: Corrosive Bolt
Press: ? - help, Shift-Dir - straight line, f/p - deep elf demonologist
Aim: a deep elf demonologist, wielding a +0 rapier (severely wounded)
The bolt of acid hits the ironheart preserver!!
The ironheart preserver is splashed with acid.
The ironheart preserver is almost dead.
The bolt of acid hits the deep elf demonologist!
The deep elf demonologist is splashed with acid!
You kill the deep elf demonologist!
The Ice Fiend disappears in a puff of smoke!
The deep elf sorcerer hits you but does no damage.
You block the demonic crawler's attack.
The demonic crawler completely misses you.
You block the demonic crawler's attack.
The ironheart preserver mumbles some strange words.
The ironheart preserver begins to accept its allies' injuries.
The deep elf archer shoots an arrow.
The arrow hits you!
* * * LOW HITPOINT WARNING * * *
The deep elf death mage beckons forth a restless soul!
Unknown command.
The ironheart preserver mumbles some strange words.
The ironheart preserver begins to accept its allies' injuries.
Unknown command.
Unknown command.
Evoke which item? (* to show all) (? for menu, Esc to quit)
Aiming: Corrosive Bolt
Press: ? - help, Shift-Dir - straight line, f - redback
Aim: a redback (severely wounded, sheltered from injuries, clinging, summoned)
The bolt of acid hits the deep elf sorcerer!!
The deep elf sorcerer is splashed with acid.
The acid corrodes the deep elf sorcerer!
The deep elf sorcerer is almost dead.
The bolt of acid hits the redback!
The redback is splashed with acid.
The acid corrodes the redback!
You kill the redback!
The redback's corpse disappears in a puff of smoke!
The lost soul assumes the form of the ironheart preserver and becomes anchored to this world!
You block the deep elf sorcerer's attack.
You block the demonic crawler's attack. The demonic crawler hits you.
* * * LOW HITPOINT WARNING * * *
The demonic crawler hits you.
* * * LOW HITPOINT WARNING * * *
The deep elf mage casts a spell.
The deep elf sorcerer gestures at you while chanting.
The bolt of acid hits you!!
* * * LOW HITPOINT WARNING * * *
You are splashed with acid!
* * * LOW HITPOINT WARNING * * *
The demonic crawler hits you but does no damage.
You block the demonic crawler's attack.
The demonic crawler hits you but does no damage.
You feel much better.
The deep elf archer shoots an arrow.
You reflect the arrow off an invisible shield around you!
The arrow hits the demonic crawler!!
The deep elf sorcerer points at you and mumbles some strange words.
The bolt of acid hits you.
* * * LOW HITPOINT WARNING * * *
You are splashed with acid!
* * * LOW HITPOINT WARNING * * *
The demonic crawler barely misses you.
The demonic crawler hits you but does no damage. x2
Evoke which item? (* to show all) (? for menu, Esc to quit)
Aiming: Corrosive Bolt
Press: ? - help, Shift-Dir - straight line, f - deep elf mage
Aim: a deep elf mage, wielding a +0 rapier and wearing a +0 chain mail (severely wounded, sheltered from injuries)
The bolt of acid hits the deep elf sorcerer!!
The deep elf sorcerer is splashed with acid.
You kill the deep elf sorcerer!
The bolt of acid hits the ghostly ironheart preserver!!
The ghostly ironheart preserver is splashed with acid.
The ghostly ironheart preserver is moderately damaged.
The bolt of acid hits the deep elf mage!!
The deep elf mage is splashed with acid.
You kill the deep elf mage!
The jumping spider disappears in a puff of smoke!
The demonic crawler disappears in a puff of smoke!
The hell rat disappears in a puff of smoke!
The deep elf archer shoots an arrow.
You reflect the arrow off an invisible shield around you!
The arrow hits the deep elf death mage!!
Unknown command.
Unknown command.
The deep elf death mage points at you and mumbles some strange words.
The bolt of negative energy hits you. You partially resist.
You feel drained.
* * * LOW HITPOINT WARNING * * *
The deep elf archer shoots an arrow.
You reflect the arrow off an invisible shield around you!
The arrow hits the deep elf archer!!
The deep elf death mage gestures at you while chanting.
The bolt of negative energy hits you!! You partially resist.
You feel drained.
You die...
Your body glows with a rainbow of weird colours and disappears.

#......#..#
#......#..#
########..# #..# #..#
#..# #..# ##
##############..# ..
...§§§).)p.@....# ..
...§.§.§e.......# ..
....§§)†e.......# ..
....§.(.........# ..
................# .
................#
#############....:...#
#..........#........#
#..........#........#


You could see a ghostly ironheart preserver, a deep elf death mage and a deep
elf archer.

Vanquished Creatures
  A deep elf blademaster (Elf:3)
  A sphinx (D:14)
  4 nagarajas
  2 frost giants
  6 deep elf sorcerers
  Louise (Snake:4)
  Aizul (Swamp:1)
  A ghoul (Vaults:1)
  An ironheart preserver (Vaults:1)
  4 deep elf elementalists
  8 deep elf demonologists
  9 deep elf annihilators
  6 deep elf death magi
  6 ogre magi
  A yaktaur captain (Vaults:1)
  8 naga warriors
  5 deep elf high priests (Elf:3)
  An ice dragon (Swamp:4)
  31 hydras
  2 catoblepae (Lair:6)
  A shambling mangrove (Swamp:4)
  10 anacondas
  4 centaur warriors
  14 alligators
  A ghost crab (Swamp:2)
  6 death yaks
  17 two-headed ogres
  A death knight (Vaults:1)
  13 dancing weapons
  A shock serpent (Snake:4)
  2 tengu warriors (D:14)
  An orc high priest (Orc:2)
  3 naga sharpshooters
  10 deep elf knights
  2 salamander mystics (Snake:3)
  A spriggan druid (Swamp:4)
  4 unseen horrors
  2 naga ritualists (Snake:3)
  A wizard (Vaults:1)
  7 swamp dragons
  6 deep elf archers
  5 orc knights
  Pikel (D:5)
  2 ironbrand convokers (Vaults:1)
  A lindwurm (Lair:6)
  A phantasmal warrior (Vaults:1)
  2 necromancers
  8 mana vipers
  38 deep elf magi
  4 orc sorcerers
  4 cyclopes
  A wolf spider (D:14)
  2 ugly things (D:13)
  An oklob plant (Orc:1)
  8 salamanders
  A manticore (D:14)
  11 elephants
  A fire giant skeleton (Vaults:1)
  10 naga magi
  A stone giant skeleton (Vaults:1)
  18 black mambas
  Psyche (D:10)
  3 centaur zombies
  An eye of devastation (shapeshifter) (D:14)
  Maurice (D:10)
  4 guardian serpents
  17 spiny frogs
  3 torpor snails
  3 gargoyles
  An efreet (D:14)
  2 rime drakes
  11 komodo dragons
  11 yaktaurs
  The ghost of greedy the Reanimator, a novice DsNe of Uskayaw (D:6)
  A kobold demonologist (D:14)
  A freezing wraith (D:14)
  5 trolls
  4 tyrant leeches
  32 slime creatures
  11 hornets
  A merfolk (Orc:2)
  A frost giant simulacrum (Vaults:1)
  8 bog bodies
  4 dream sheep
  A wind drake (shapeshifter) (Vaults:1)
  11 hippogriffs
  12 blink frogs
  A redback (shapeshifter) (D:14)
  4 spriggans (Swamp:4)
  An air elemental (Elf:3)
  A redback (D:14)
  5 shadows
  2 large abominations (Gauntlet)
  31 yaks
  A vampire (D:11)
  A water elemental (Elf:1)
  2 basilisks (Lair:4)
  3 wraiths
  11 vampire mosquitoes
  Grum (D:10)
  4 hogs (D:12)
  7 wargs
  A fire elemental (Elf:3)
  2 hungry ghosts
  11 swamp worms
  28 nagas
  2 acid dragons
  4 insubstantial wisps
  10 water moccasins
  Duvessa (D:5)
  8 porcupines
  6 small abominations (Gauntlet)
  A slave (D:6)
  2 black bears
  5 sky beasts
  15 orc warriors
  13 swamp drakes
  A black bear (shapeshifter) (D:13)
  35 ogres
  A phantom (D:9)
  2 hornet zombies
  25 wolves
  4 boggarts (D:15)
  16 centaurs
  6 crocodiles
  4 big kobolds
  14 bullfrogs
  3 earth elementals
  Dowan (D:5)
  2 scorpions
  11 killer bees (D:11)
  10 wights
  2 electric eels (Lair:4)
  10 howler monkeys
  4 crimson imps
  2 human simulacra (Vaults:1)
  A quasit (D:10)
  2 bullfrog skeletons
  6 jellies
  7 hounds
  16 orc wizards
  5 centaur skeletons
  9 orc priests
  Jessica (D:2)
  5 iguanas
  7 worker ants
  A hound zombie (D:7)
  A hound skeleton (D:6)
  A howler monkey zombie (D:9)
  11 gnolls
  15 adders
  3 shadow imps
  5 oozes
  An ooze (shapeshifter) (Lair:6)
  An adder zombie (D:8)
  A worm (D:2)
  A dart slug (D:4)
  5 leopard geckos
  66 orcs
  A ball python (Snake:2)
  A bat zombie (D:2)
  17 giant cockroaches
  3 hobgoblins
  4 jackals (D:4)
  13 kobolds
  5 quokkas
  6 bats
  3 frilled lizards
  8 goblins
  A jackal skeleton (D:4)
  A rat (D:1)
  2 rat zombies (D:2)
  A bush (D:9)
  5 fungi
  3 plants
1059 creatures vanquished.

Vanquished Creatures (collateral kills)
  A deep elf blademaster (Elf:3)
  Kirke (D:12)
  A thorn hunter (Swamp:4)
  A nagaraja (Snake:2)
  2 orc warlords (D:14)
  A deep elf elementalist (Elf:3)
  A minotaur (Gauntlet)
  2 deep elf annihilators (Elf:3)
  A deep elf death mage (Elf:3)
  2 hydras
  A naga warrior (Snake:3)
  2 catoblepae
  A shambling mangrove (Swamp:4)
  A dancing weapon (Elf:1)
  Urug (D:11)
  A salamander mystic (Snake:3)
  A flayed ghost (D:14)
  3 mana vipers
  4 oklob plants (Lair:6)
  2 manticores (Lair:6)
  2 deep elf magi
  A cyclops (D:11)
  A salamander (Snake:3)
  A guardian serpent (Lair:3)
  2 black mambas (Snake:1)
  2 naga magi (Snake:3)
  A komodo dragon (Lair:3)
  A hornet (Swamp:4)
  4 yaks (Lair:6)
  Sigmund (D:5)
  2 nagas
  2 water moccasins (Snake:2)
  An orc warrior (D:9)
  An earth elemental (Elf:3)
  A crimson imp (D:5)
  A bullfrog zombie (D:5)
  An orc wizard (D:9)
  An adder (D:9)
  A leopard gecko (D:5)
  A quokka (D:12)
  A kobold (D:11)
59 creatures vanquished.

Vanquished Creatures (others)
  2 deep elf master archers (Elf:3)
  2 shock serpents
  A centaur warrior (D:14)
  4 anacondas
  A death yak (Lair:6)
  A spriggan (Swamp:4)
  A deep elf knight (Elf:3)
  5 deep elf archers (Elf:3)
  A cyclops (D:13)
  A naga mage (Snake:2)
  A black mamba (Lair:5)
  A centaur skeleton (D:12)
  A hornet (Swamp:4)
  A yak (Lair:6)
  A naga (Snake:3)
  An ogre (D:6)
  A crocodile (Lair:5)
  An orc (Vaults:1)
  3 jackals (D:5)
  5 briar patches (Swamp:4)
  14 demonic plants (Gauntlet)
  5 fungi
  13 plants
67 creatures vanquished.

Grand Total: 1185 creatures vanquished

Notes
Turn   | Place    | Note
-------+----------+-------------------------------------------
     0 | D:1      | magipi the Hill Orc Fighter began the quest for the Orb.
     0 | D:1      | Reached XP level 1. HP: 19/19 MP: 1/1
   233 | D:1      | Reached XP level 2. HP: 26/27 MP: 2/2
   901 | D:2      | Reached XP level 3. HP: 32/33 MP: 3/3
   937 | D:2      | Found a white marble altar of Elyvilon.
  1044 | D:2      | Noticed Jessica
  1074 | D:2      | Reached XP level 4. HP: 28/40 MP: 4/4
  1078 | D:2      | Killed Jessica
  1206 | D:2      | Reached XP level 5. HP: 38/47 MP: 5/5
  1386 | D:2      | Found an ancient bone altar of Kikubaaqudgha.
  1974 | D:3      | Reached skill level 5 in Axes
  2074 | D:3      | Found an iron altar of Okawaru.
  2177 | D:3      | Reached XP level 6. HP: 55/55 MP: 6/6
  2698 | D:4      | Found a staircase to the Ecumenical Temple.
  2708 | Temple   | Entered the Ecumenical Temple
  2767 | Temple   | Became a worshipper of Nemelex Xobeh the Trickster
  2800 | D:4      | Reached skill level 5 in Fighting
  2813 | D:4      | Reached skill level 1 in Invocations
  2815 | D:4      | Received a gift from Nemelex Xobeh
  2927 | D:4      | Reached XP level 7. HP: 52/61 MP: 6/8
  3605 | D:5      | Entered Level 5 of the Dungeon
  3661 | D:5      | Noticed Sigmund
  3667 | D:5      | Killed Sigmund
  3667 | D:5      | Reached skill level 2 in Invocations
  3675 | D:5      | Reached skill level 5 in Armour
  3704 | D:5      | Reached skill level 5 in Shields
  3932 | D:6      | Reached skill level 3 in Invocations
  3932 | D:6      | Reached XP level 8. HP: 38/70 MP: 10/10
  4094 | D:6      | Reached * piety under Nemelex Xobeh
  4135 | D:6      | Found a transporter.
  4138 | D:6      | Found a transporter.
  4138 | D:6      | Noticed greedy's ghost (novice DsNe)
  4395 | D:5      | Noticed Pikel
  4416 | D:5      | Killed Pikel
  4416 | D:5      | Reached skill level 4 in Invocations
  4579 | D:5      | Noticed Duvessa
  4584 | D:5      | Noticed Dowan
  4597 | D:5      | Killed Duvessa
  4609 | D:5      | Killed Dowan
  4676 | D:5      | Found a blossoming altar of Fedhas.
  4986 | D:5      | Reached XP level 9. HP: 68/78 MP: 12/12
  5042 | D:6      | Received a gift from Nemelex Xobeh
  5149 | D:6      | Reached skill level 5 in Invocations
  5304 | D:6      | Found a hazy altar of Hepliaklqana.
  5338 | D:6      | Reached ** piety under Nemelex Xobeh
  5874 | D:7      | Reached skill level 10 in Axes
  5888 | D:7      | Received a gift from Nemelex Xobeh
  6198 | D:7      | Found a sacrificial altar of Ru.
  6435 | D:7      | Reached skill level 6 in Invocations
  6793 | D:8      | Found a bloodstained altar of Trog.
  6815 | D:8      | Found Tyor's Antique Armour Shop.
  6844 | D:8      | Reached *** piety under Nemelex Xobeh
  6869 | D:8      | Reached XP level 10. HP: 52/88 MP: 14/14
  7305 | D:8      | Received a gift from Nemelex Xobeh
  7825 | D:9      | Found a hide-covered altar of Uskayaw.
  7826 | D:9      | Received a gift from Nemelex Xobeh
  7854 | D:9      | Noticed a +0 dagger
  7854 | D:9      | Noticed a +0 dagger
  7889 | D:9      | Found an opulent altar of Gozag.
  8044 | D:9      | Found a staircase to the Lair.
  8059 | D:9      | Reached skill level 7 in Invocations
  8232 | D:9      | Found a staircase to the Orcish Mines.
  8252 | D:9      | Reached **** piety under Nemelex Xobeh
  8313 | D:9      | Received a gift from Nemelex Xobeh
  8385 | D:9      | Received a gift from Nemelex Xobeh
  8824 | D:9      | Noticed a three-headed hydra
  8836 | D:9      | Killed a one-headed hydra
  8836 | D:9      | Reached skill level 8 in Invocations
  8956 | D:10     | Entered Level 10 of the Dungeon
  8985 | D:10     | Received a gift from Nemelex Xobeh
  9026 | D:10     | Reached XP level 11. HP: 97/97 MP: 17/17
  9037 | D:10     | Noticed Psyche
  9045 | D:10     | Killed Psyche
  9083 | D:10     | Killed an unseen horror
  9083 | D:10     | Reached skill level 1 in Evocations
  9108 | D:10     | Reached skill level 9 in Invocations
  9118 | D:10     | Got a pitted granite ring
  9120 | D:10     | Identified the ring of Efusm {Ice Str+6 Dex+3} (You found
                  | it on level 10 of the Dungeon)
  9315 | D:10     | Noticed Grum
  9338 | D:10     | Killed Grum
  9373 | D:10     | Noticed Maurice
  9385 | D:10     | Killed Maurice
  9385 | D:10     | Reached skill level 10 in Fighting
  9610 | D:11     | Reached ***** piety under Nemelex Xobeh
  9635 | D:11     | Found Yvuntoze's General Store.
  9676 | D:11     | Noticed a cyclops
  9694 | D:11     | Killed a cyclops
  9804 | D:11     | Reached skill level 10 in Invocations
 10058 | D:11     | Noticed Urug
 10076 | D:11     | Killed Urug
 10590 | Lair:1   | Entered Level 1 of the Lair of Beasts
 10593 | Lair:1   | Noticed a six-headed hydra
 10604 | Lair:1   | Killed a one-headed hydra
 10604 | Lair:1   | Reached skill level 10 in Shields
 10604 | Lair:1   | Reached XP level 12. HP: 93/106 MP: 18/20
 10607 | Lair:1   | Reached skill level 5 in Evocations
 10618 | Lair:1   | Received a gift from Nemelex Xobeh
 10666 | Lair:1   | Reached skill level 11 in Invocations
 10838 | Lair:1   | Reached skill level 1 in Dodging
 11746 | Lair:2   | Found a staircase to the Swamp.
 11746 | Lair:2   | Noticed a five-headed hydra
 11765 | Lair:2   | Killed a one-headed hydra
 11809 | Lair:2   | Reached skill level 12 in Invocations
 11942 | Lair:2   | Received a gift from Nemelex Xobeh
 12142 | Lair:3   | Noticed a six-headed hydra
 12143 | Lair:3   | Found a staircase to the Snake Pit.
 12143 | Lair:3   | Noticed a seven-headed hydra
 12152 | Lair:3   | Killed a six-headed hydra
 12161 | Lair:3   | Killed a one-headed hydra
 12841 | Lair:3   | Reached XP level 13. HP: 107/113 MP: 22/22
 13014 | Lair:3   | Received a gift from Nemelex Xobeh
 13057 | Lair:3   | Reached skill level 10 in Armour
 13435 | Lair:4   | Received a gift from Nemelex Xobeh
 13810 | Lair:4   | Reached ****** piety under Nemelex Xobeh
 13845 | Lair:4   | Reached skill level 13 in Invocations
 13880 | Lair:4   | Reached skill level 5 in Dodging
 14346 | Lair:4   | Received a gift from Nemelex Xobeh
 14615 | Lair:5   | Found a gate leading to a gauntlet.
 14629 | Gauntlet | Entered a Gauntlet
 14629 | Gauntlet | Found a transporter.
 14629 | Gauntlet | Found a transporter.
 14634 | Gauntlet | Found a transporter.
 14649 | Gauntlet | Found a transporter.
 14666 | Gauntlet | Received a gift from Nemelex Xobeh
 14667 | Gauntlet | Found a transporter.
 14678 | Gauntlet | Found a transporter.
 14763 | Gauntlet | Found a transporter.
 14778 | Gauntlet | Found a transporter.
 14794 | Gauntlet | Found a transporter.
 14806 | Gauntlet | Found a transporter.
 14822 | Gauntlet | Noticed a blizzard demon
 14823 | Gauntlet | Found a transporter.
 14898 | Gauntlet | Found a transporter.
 14898 | Gauntlet | Found a transporter.
 14908 | Gauntlet | Found a transporter.
 14918 | Gauntlet | Found a transporter.
 14945 | Gauntlet | Found a transporter.
 15171 | Gauntlet | Got a distressingly furry cloak
 15212 | Gauntlet | Identified the -5 cloak of Freedom {rF++ Regen+ Int-3
                  | Dex+3} (You found it in a Gauntlet)
 15348 | Gauntlet | Got a faintly humming cloak
 15359 | Gauntlet | Identified the +0 cloak "Tef Pugi" {Str+5} (You found it in
                  | a Gauntlet)
 15611 | Gauntlet | Noticed a minotaur
 15793 | Gauntlet | Killed a minotaur
 15793 | Gauntlet | Reached skill level 14 in Invocations
 15828 | Gauntlet | Identified the Collected Works on Battle Magic and Evil
 15829 | Gauntlet | Got a crude silver ring
 15830 | Gauntlet | Identified the ring of Puuzeh {rC- MR+ Str+3 Slay+3} (You
                  | found it in a Gauntlet)
 16136 | Lair:5   | Found a sparkling altar of Nemelex Xobeh.
 16274 | Lair:5   | Found a staircase to the Slime Pits.
 16343 | Lair:5   | Received a gift from Nemelex Xobeh
 16767 | Lair:6   | Entered Level 6 of the Lair of Beasts
 17033 | Lair:6   | Reached XP level 14. HP: 39/121 MP: 24/24
 17637 | Lair:6   | Received a gift from Nemelex Xobeh
 18277 | Lair:6   | Reached skill level 10 in Evocations
 18554 | Lair:6   | Received a gift from Nemelex Xobeh
 19021 | Lair:6   | Reached skill level 15 in Invocations
 19604 | Lair:6   | Found the +7 pair of quick blades "Gyre" and "Gimble"
                  | {protect}
 20132 | Lair:6   | Identified the +2 long sword of Ronop {drain, Str+4 SInv}
 20357 | Lair:6   | Got a slimy chain mail
 20372 | Lair:6   | Identified the +6 chain mail of Fixun {rF- rC+ Slay+2
                  | Stlth+} (You found it on level 6 of the Lair of Beasts)
 20535 | Orc:1    | Entered Level 1 of the Orcish Mines
 20535 | Orc:1    | Found Unosenurph's Weapon Emporium.
 20535 | Orc:1    | Noticed a stone giant
 20536 | Orc:1    | Noticed a frost giant
 20536 | Orc:1    | a stone giant changed into a frost giant
 20538 | Orc:1    | Killed a frost giant
 21429 | Orc:2    | Entered Level 2 of the Orcish Mines
 21429 | Orc:2    | Received a gift from Nemelex Xobeh
 21671 | Orc:2    | Found a staircase to the Elven Halls.
 22556 | Orc:2    | Paralysed by an orc sorcerer for 2 turns
 22573 | Orc:2    | Reached XP level 15. HP: 120/126 MP: 26/26
 23185 | Orc:2    | Found Xaabyi Xuso's Gadget Emporium.
 23185 | Orc:2    | Found Laatrioti's Magic Scroll Boutique.
 23186 | Orc:2    | Found Weczydwa's Armour Boutique.
 23186 | Orc:2    | Found Ozxiez's Assorted Antiques.
 23215 | Orc:2    | Bought a +1 cloak of magic resistance for 231 gold pieces
 23215 | Orc:2    | Bought a +1 shield of cold resistance for 231 gold pieces
 23260 | Orc:2    | Bought a glowing hat for 238 gold pieces
 23499 | D:8      | Bought the +0 pair of fencer's gloves {Riposte Dex+3} for
                  | 960 gold pieces
 23499 | D:8      | Found the +0 pair of fencer's gloves {Riposte Dex+3}
 23640 | Lair:3   | Received a gift from Nemelex Xobeh
 24143 | D:6      | Killed greedy's ghost
 24490 | D:12     | Identified the -1 trident of World's End {protect, rPois}
 24763 | D:12     | Noticed Kirke
 24789 | D:12     | Noticed a sphinx
 24789 | D:12     | Killed Kirke
 24891 | D:12     | Found Veomedyv's Armour Shoppe.
 24896 | D:12     | Bought a +2 pair of boots of stealth for 322 gold pieces
 25030 | D:12     | Received a gift from Nemelex Xobeh
 26022 | D:13     | Received a gift from Nemelex Xobeh
 26546 | D:14     | Found a gate to the Vaults.
 26552 | D:14     | Found a flagged portal.
 27114 | D:14     | Received a gift from Nemelex Xobeh
 27280 | D:14     | Reached XP level 16. HP: 105/137 MP: 27/27
 27425 | D:14     | Noticed a sphinx
 27432 | D:14     | Killed a sphinx
 27623 | D:14     | Reached skill level 10 in Dodging
 27697 | D:14     | Found the +8 glaive of the Guard {elec, +Rage AC+5 SInv}
 27982 | D:15     | Entered Level 15 of the Dungeon
 28254 | D:15     | Reached skill level 16 in Invocations
 28396 | D:15     | Found a staircase to the Depths.
 28590 | Swamp:1  | Entered Level 1 of the Swamp
 28759 | Swamp:1  | Received a gift from Nemelex Xobeh
 29054 | Swamp:1  | Noticed Aizul
 29060 | Swamp:1  | Gained mutation: You tend to lose your temper in combat. [a
                  | neqoxec]
 29078 | Swamp:1  | Killed Aizul
 29529 | Swamp:1  | Received a gift from Nemelex Xobeh
 29575 | Swamp:1  | Reached skill level 1 in Throwing
 30707 | Swamp:2  | Received a gift from Nemelex Xobeh
 31143 | Swamp:3  | Lost mutation: You tend to lose your temper in combat.
                  | [potion of mutation]
 31143 | Swamp:3  | Gained mutation: You tend to lose your temper in combat.
                  | [potion of mutation]
 31143 | Swamp:3  | Gained mutation: You expend magic power (3 MP) to
                  | strengthen your wands. [potion of mutation]
 31143 | Swamp:3  | Gained mutation: Your spells are a little easier to cast,
                  | but a little less powerful. [potion of mutation]
 31143 | Swamp:3  | Gained mutation: You have large cloven feet. [potion of
                  | mutation]
 31144 | Swamp:3  | Lost mutation: You have large cloven feet. [potion of
                  | mutation]
 31144 | Swamp:3  | Lost mutation: Your spells are a little easier to cast, but
                  | a little less powerful. [potion of mutation]
 31144 | Swamp:3  | Lost mutation: You expend magic power (3 MP) to strengthen
                  | your wands. [potion of mutation]
 31144 | Swamp:3  | Lost mutation: You tend to lose your temper in combat.
                  | [potion of mutation]
 31144 | Swamp:3  | Gained mutation: Your magical capacity is low. (-10% MP)
                  | [potion of mutation]
 31144 | Swamp:3  | Gained mutation: You are partially covered in slimy green
                  | scales. (AC +2) [potion of mutation]
 31144 | Swamp:3  | Gained mutation: You are robust. (+10% HP) [potion of
                  | mutation]
 31308 | Swamp:3  | Found a runed translucent gate.
 31308 | Swamp:3  | Found a runed translucent gate.
 31308 | Swamp:3  | Found a runed translucent gate.
 31309 | Swamp:3  | Noticed suomimenusko's ghost (adept NaFi)
 31683 | Swamp:4  | Entered Level 4 of the Swamp
 31823 | Swamp:3  | Reached XP level 17. HP: 137/162 MP: 26/26
 32187 | Swamp:4  | Received a gift from Nemelex Xobeh
 32519 | Swamp:4  | Reached skill level 17 in Invocations
 33273 | Swamp:4  | Got a decaying rune of Zot
 33915 | Swamp:4  | Received a gift from Nemelex Xobeh
 34095 | Snake:1  | Entered Level 1 of the Snake Pit
 34152 | Snake:1  | Reached skill level 5 in Throwing
 35024 | Snake:1  | Received a gift from Nemelex Xobeh
 36137 | Snake:2  | Found Doshrawko's Distillery.
 36140 | Snake:2  | Found Ofohof's Armour Boutique.
 36140 | Snake:2  | Found Yseiv's General Store.
 36145 | Snake:2  | Found Taotruo's Magic Scroll Boutique.
 36873 | Snake:3  | Found Lineu's Assorted Antiques.
 36875 | Snake:3  | Received a gift from Nemelex Xobeh
 36881 | Snake:3  | Bought an encrusted wooden ring for 180 gold pieces
 36881 | Snake:3  | Bought a runed helmet for 270 gold pieces
 37349 | Snake:3  | Reached skill level 18 in Invocations
 37349 | Snake:3  | Reached XP level 18. HP: 153/176 MP: 20/27
 39221 | Snake:4  | Entered Level 4 of the Snake Pit
 39221 | Snake:4  | Noticed Louise
 39239 | Snake:4  | Killed Louise
 39328 | Snake:4  | Received a gift from Nemelex Xobeh
 39377 | Snake:4  | Noticed Mara
 39379 | Snake:4  | Noticed magipi's illusion
 39609 | Snake:4  | Found a hazy altar of Hepliaklqana.
 40009 | Elf:1    | Entered Level 1 of the Elven Halls
 40057 | Elf:1    | You fall into a shaft and drop 1 floor!
 40057 | Elf:2    | Received a gift from Nemelex Xobeh
 40170 | Elf:2    | Found a magical portal.
 40245 | Elf:2    | Noticed a Brimstone Fiend
 40342 | Elf:2    | Reached skill level 15 in Fighting
 40769 | Elf:1    | Found Qeup's Jewellery Shoppe.
 40773 | Elf:1    | Bought the ring "Naovan" {rPois rF+ rN+} for 496 gold
                  | pieces
 40872 | Elf:1    | Received a gift from Nemelex Xobeh
 41469 | Elf:1    | Found the brooch of Shielding {Reflect SH+8}
 41618 | Elf:1    | Identified the Compendium of Conjuration
 41745 | Elf:1    | Received a gift from Nemelex Xobeh
 42464 | Elf:2    | Found a runed translucent gate.
 42464 | Elf:2    | Found a runed translucent gate.
 42466 | Elf:2    | Found a runed translucent gate.
 42676 | Elf:2    | Received a gift from Nemelex Xobeh
 42692 | Elf:3    | Entered Level 3 of the Elven Halls
 42707 | Elf:3    | Identified the +0 pair of boots of Ennui {Dex+5} (You found
                  | it on level 3 of the Elven Halls)
 43234 | Elf:3    | Reached skill level 15 in Shields
 43299 | Elf:3    | Reached XP level 19. HP: 161/187 MP: 29/29
 44329 | Elf:3    | Reached skill level 19 in Invocations
 44652 | Orc:2    | Bought a wand of iceblast (8) for 156 gold pieces
 44652 | Orc:2    | Bought a wand of iceblast (5) for 117 gold pieces
 44906 | Elf:3    | Reached skill level 10 in Throwing
 45058 | Elf:3    | Received a gift from Nemelex Xobeh
 45693 | Elf:3    | Noticed a Tzitzimitl
 46857 | Elf:3    | Identified the +4 plate armour "Dafiugy" {rF+}
 46914 | Elf:3    | Reached skill level 20 in Invocations
 47341 | Elf:3    | Noticed a Tzitzimitl
 47549 | Elf:3    | Identified Yceducoo's Catalogue of the Snowflakes
 47552 | Elf:3    | Identified Bakeuzogaa's Volume of Boosting Toxins
 47577 | Elf:3    | Identified the Volume of Weightlessness and Translocation
 47829 | Vaults:1 | Entered Level 1 of the Vaults
 48379 | Vaults:1 | Identified the +7 chain mail "Seamies" {+Inv Dex+2} (You
                  | found it on level 1 of the Vaults)
 48737 | Vaults:1 | Received a gift from Nemelex Xobeh
 49040 | Vaults:1 | Reached XP level 20. HP: 195/195 MP: 30/30
 49077 | Vaults:1 | Received a gift from Nemelex Xobeh
 49208 | Vaults:1 | Killed from afar by a deep elf death mage

Levels and vault maps discovered:
D:1:      minmay_arrival_stair_chambers, layout_loops_cross
D:2:      minmay_roachtagon, layout_basic, lemuel_zombie_altar_kikubaaqudgha,
          elyvilon_altar_3, first_ration, uniq_jessica
D:3:      layout_loops_corners, lemuel_crystal_altar, tgw_sif
D:4:      layout_gridville, temple_hall, minmay_misc_feat_x
D:5:      layout_loops_ring, fedhas_bush_and_centaur_altar, uniq_sigmund,
          uniq_pikel, uniq_duvessa
D:6:      layout_basic, gammafunk_ghost_arena, basic_altar
D:7:      layout_basic, nicolae_ru_sacrificial_ziggurat
D:8:      layout_gridville, overflow_temple_1_default, serial_shops,
          nicolae_shop_trees
D:9:      layout_stronghold, dancing_weapons_uskayaw, lemuel_doored_altar,
          erik_lair_orcish_takeover, kb_lookout_dungeons_type, hangedman_ranch
          [blue_anna_fruit_fields]
D:10:     layout_basic, uniq_psyche, uniq_maurice, uniq_grum
D:11:     layout_roguey, serial_shops, nicolae_shop_stone, uniq_nergalle,
          uniq_urug
D:12:     layout_cave_pools, serial_shops, shop, lemuel_flame_loot_1, uniq_kirke
D:13:     layout_stronghold
D:14:     minmay_guarded_unrand_guard, layout_small_grid, david_vaults_2,
          enter_bailey_1, minmay_misc_feat_alley
D:15:     grunt_enter_depths_snipers, layout_cross, hangedman_decor_opposing
Temple:   dshaligram_water_room_temple
Lair:1:   layout_chaotic_city, chequers_serial_rivers_room_b
Lair:2:   layout_roguey, swamp_mist_pool
Lair:3:   layout_small_grid, minmay_snake_entry_spellcaster, grunt_megastairs_3
Lair:4:   layout_gridlike, nicolae_quartered_pool_medium
Lair:5:   layout_hall_layers, nicolae_slime_entry_slimehenge,
          gauntlet_entry_generic, basic_altar
Lair:6:   evilmike_catoblepas_cave, layout_regular_city,
          minmay_lair_oklob_chamber
Swamp:1:  layout_falls_marsh, hangedman_swamp_diagram, uniq_aizul
Swamp:2:  layout_basic_swamp, evilmike_swamp_ruin_rubble_2, swamp_pool1
Swamp:3:  layout_basic_swamp, gammafunk_ghost_hydra_chop,
          evilmike_swamp_ruin_rubble_1, infiniplex_staircase_pool
Swamp:4:  swamp, layout_basic_swamp
Snake:1:  layout_basic
Snake:2:  minmay_snake_river, layout_basic, drop_trap, serial_bayou_shore_b,
          minmay_shoptagon
Snake:3:  layout_grid_shapes, serial_shops, nicolae_shop_crystal
Snake:4:  grunt_snake_rune_pools, layout_basic, basic_altar, uniq_asterion,
          uniq_mara, uniq_louise
Orc:1:    layout_caves, serial_shops, shop, mines3_lemuel
Orc:2:    st_orc_ogre_mass, layout_diamond_mine
Elf:1:    layout_onion_city, minmay_elf_annihilation, minmay_shop_star
Elf:2:    layout_onion_city, mu_enter_wizlab_5, corner_web_ring
Elf:3:    minmay_elf_hall_curves, layout_geoelf_octagon,
          hangedman_elf_targetted_burst
Vaults:1: grunt_vaults_funnel, nicolae_vaults_network_s, hangedman_vaults_snaps,
          v_misc_24, nicolae_vaults_circle_grid_a,
          hangedman_vaults_corner_blocks, v_misc_17, layout_vaults_omnigrid,
          serial_shops, shop

Skill      XL: |  1  2  3  4  5  6  7  8  9 10 11 12 13 14 15 16 17 18 19 |
---------------+----------------------------------------------------------+-----
Axes           | 3 4 5 6 7 9 10 12 13 14 | 14.0
Fighting       | 4 5 6 7 9 10 11 12 14 15 | 15.0
Armour         | 4 5 6 7 8 9 10 11 12 | 12.7
Shields        | 4 5 6 7 8 10 12 13 15 | 15.0
Invocations    | 1 3 4 6 8 10 12 14 15 16 18 20 | 20.0
Evocations     | 4 7 9 11 12 | 12.0
Dodging        | 3 6 8 9 10 | 10.6
Throwing       | 3 6 9 11 | 11.5

Action                   |  1- 3 |  4- 6 |  7- 9 | 10-12 | 13-15 | 16-18 | 19-21 || total
-------------------------+-------+-------+-------+-------+-------+-------+-------++-------
Melee: War axe           |   106 |   163 |   354 |    89 |    12 |   350 |   512 ||  1586
       Hand axe          |       |       |       |   592 |  1483 |  1700 |       ||  3775
Throw: Dart              |       |     3 |    23 |       |    12 |       |       ||    38
       Javelin           |       |       |       |       |    20 |     3 |       ||    23
Invok: Deal Four         |       |       |       |       |     1 |       |       ||     1
 Abil: Draw Summoning    |       |       |     1 |     6 |    14 |    16 |     4 ||    41
       Draw Destruction  |       |       |     4 |     7 |    30 |    13 |       ||    54
       Draw Escape       |       |       |       |       |       |     1 |       ||     1
Evoke: Wand              |       |       |     2 |     5 |    30 |    46 |     7 ||    90
       Lamp of fire      |       |       |       |       |       |     1 |     2 ||     3
  Use: Scroll            |       |    10 |    10 |     8 |    14 |     8 |     2 ||    52
       Potion            |       |       |       |       |     5 |     4 |     3 ||    12
 Stab: Paralysed         |       |       |       |     5 |    10 |    19 |       ||    34
       Invisible         |       |       |       |       |    10 |       |       ||    10
       Distracted        |       |       |       |       |       |     5 |       ||     5
       Confused          |       |       |       |       |       |     2 |       ||     2
       Petrified         |       |       |       |       |       |       |    11 ||    11
       Petrifying        |       |       |       |       |       |       |     3 ||     3
  Eat: Chunk             |     1 |     6 |    10 |    16 |    29 |    17 |     9 ||    88
       Ration            |       |       |     1 |     1 |     5 |    11 |     3 ||    21
Armor: Scale mail        |    47 |    78 |     1 |       |       |       |       ||   126
       Chain mail        |       |       |   162 |    15 |       |       |       ||   177
       Plate armour      |       |       |       |   374 |   497 |   633 |   105 ||  1609
Dodge: Dodged            |    22 |    60 |    82 |   126 |   317 |   505 |    67 ||  1179
Block: Shield            |    50 |    86 |   165 |   381 |   731 |  1571 |   361 ||  3345
       Reflection        |       |       |       |       |     9 |   108 |    50 ||   167
       Rpst.: Hand axe   |       |       |       |       |    26 |    82 |       ||   108
       War axe           |       |       |       |       |     1 |    12 |    15 ||    28

Action                   |  1- 3 |  4- 6 |  7- 9 | 10-12 | 13-15 | 16-18 | 19-21 || total
-------------------------+-------+-------+-------+-------+-------+-------+-------++-------
Melee: War axe           |   106 |   163 |   354 |    89 |    12 |   350 |   512 ||  1586
       Hand axe          |       |       |       |   592 |  1483 |  1700 |       ||  3775
Throw: Dart              |       |     3 |    23 |       |    12 |       |       ||    38
       Javelin           |       |       |       |       |    20 |     3 |       ||    23
Invok: Deal Four         |       |       |       |       |     1 |       |       ||     1
 Abil: Draw Summoning    |       |       |     1 |     6 |    14 |    16 |     4 ||    41
       Draw Destruction  |       |       |     4 |     7 |    30 |    13 |       ||    54
       Draw Escape       |       |       |       |       |       |     1 |       ||     1
Evoke: Wand              |       |       |     2 |     5 |    30 |    46 |     7 ||    90
       Lamp of fire      |       |       |       |       |       |     1 |     2 ||     3
  Use: Scroll            |       |    10 |    10 |     8 |    14 |     8 |     2 ||    52
       Potion            |       |       |       |       |     5 |     4 |     3 ||    12
 Stab: Paralysed         |       |       |       |     5 |    10 |    19 |       ||    34
       Invisible         |       |       |       |       |    10 |       |       ||    10
       Distracted        |       |       |       |       |       |     5 |       ||     5
       Confused          |       |       |       |       |       |     2 |       ||     2
       Petrified         |       |       |       |       |       |       |    11 ||    11
       Petrifying        |       |       |       |       |       |       |     3 ||     3
  Eat: Chunk             |     1 |     6 |    10 |    16 |    29 |    17 |     9 ||    88
       Ration            |       |       |     1 |     1 |     5 |    11 |     3 ||    21
Armor: Scale mail        |    47 |    78 |     1 |       |       |       |       ||   126
       Chain mail        |       |       |   162 |    15 |       |       |       ||   177
       Plate armour      |       |       |       |   374 |   497 |   633 |   105 ||  1609
Dodge: Dodged            |    22 |    60 |    82 |   126 |   317 |   505 |    67 ||  1179
Block: Shield            |    50 |    86 |   165 |   381 |   731 |  1571 |   361 ||  3345
       Reflection        |       |       |       |       |     9 |   108 |    50 ||   167
       Rpst.: Hand axe   |       |       |       |       |    26 |    82 |       ||   108
       War axe           |       |       |       |       |     1 |    12 |    15 ||    28
